 Dungeon Sprint DCSS version bcrawl-1.20.1 (webtiles) character file.

Game seed: 16862769946240640900

20285 Freyura the Bludgeoner (level 12, -12/105 HPs)
             Began as a Demonspawn Gladiator on Jan 21, 2020.
             Was the Champion of Lugonu.
             Mangled by a stone giant (21 damage)
             ... in the Dungeon (Sprint IX: "|||||||||||||||||||||||||||||") on Jan 24, 2020.
             The game lasted 00:19:34 (2376 turns).

Freyura the Bludgeoner (Demonspawn Gladiator)       Turns: 2376, Time: 00:19:35

Health: -12/105    AC: 20    Str: 15    XL:     12   Next: 44%
Magic:  23/23      EV: 22    Int:  9    God:    Lugonu [******]
Gold:   1900       SH: 20    Dex: 29    Spells: 11/11 levels left

rFire    + . .     SeeInvis .   o - +2 morningstar (protect)
rCold    + . .     Gourm    .   C - +1 large shield {reflect}
rNeg     . . .     Faith    .   g - +0 swamp dragon scales
rPois    +         Spirit   .   b - +0 helmet
rElec    .         Reflect  +   c - scarf {rC+ rF+}
rCorr    .         Harm     .   a - +0 pair of fencer's gloves {Riposte Dex+6}
MR       .....     NoTele   +   (boots unavailable)
Stlth    ++........             (no amulet)
HPRegen  0.27/turn              s - +3 ring of dexterity
MPRegen  0.18/turn              t - +2 ring of evasion

@: protection aura
A: talons 3, large bone plates 1, demonic guardian 1
a: Bend Space, Banish, Corrupt, Renounce Religion


You were in the Dungeon.
You worshipped Lugonu.
Lugonu was exalted by your worship.
You were not hungry.

You visited 1 branch You collected 1900 gold pieces.

Inventory:

Hand Weapons
 o - a +2 morningstar of protection (weapon)
Missiles
 d - 3 throwing nets (quivered) {!f}
Armour
 a - the +0 pair of fencer's gloves (worn) {Riposte Dex+6}
   (Lugonu gifted it to you in the Dungeon)

   It affects your dexterity (+6).
 b - a +0 helmet (worn)
 c - a scarf of resistance (worn)
 g - +0 swamp dragon scales (worn)
 p - a scarf of stasis
 q - a +1 chain mail of poison resistance
 u - the +2 shield "Kiwigowk" {MR+ MP+9 Str+3 Int-4}
   (Lugonu gifted it to you in the Dungeon)

   It affects your strength (+3).
   It affects your intelligence (-4).
   It affects your resistance to hostile enchantments.
   It affects your magic capacity (+9).
 C - a +1 large shield of reflection (worn)
Jewellery
 s - a +3 ring of dexterity (left hand)
 t - a +2 ring of evasion (right hand)
Wands
 n - a wand of acid (10)
Scrolls
 k - 4 scrolls of blinking
 l - 5 scrolls of remove curse
 m - 2 scrolls of amnesia
 v - 4 scrolls of enchant weapon
 w - 2 scrolls of fog
 x - a scroll of identify
 G - a scroll of fear
Potions
 f - 6 potions of curing
 h - 2 potions of haste
 i - 4 potions of magic
 j - a potion of brilliance
 D - a potion of mutation
 E - a potion of agility
Comestibles
 e - 12 rations {!d}


   Skills:
 + Level 13.4 Fighting
 * Level 16.6 Maces & Flails
 - Level 1.7 Throwing
 + Level 12.1 Armour
 + Level 12.5 Dodging
 + Level 4.8 Shields
 + Level 15.9 Invocations


You had 11 spell levels left.
You didn't know any spells.
Your spell library was empty.

Dungeon Overview and Level Annotations

Branches:
Dungeon (1/1)

Altars:
Cheibriados
Dithmenos
Elyvilon
Fedhas
Gozag
Hepliaklqana
Kikubaaqudgha
Lugonu
Makhleb
Nemelex Xobeh
Okawaru
Qazlal
Ru
Sif Muna
Trog
Uskayaw
Vehumet
Wu Jian
Xom
Yredelemnul
Zin
The Shining One
Beogh
Jiyva

Shops:
D (!*%


Innate Abilities, Weirdness & Mutations

You have claws for feet.
You are partially covered in large bone plates. (SH +4)
A weak demonic guardian rushes to your aid.


Message History

The stone giant hits you.
* * * LOW HITPOINT WARNING * * *
You hit the stone giant.
You claw the stone giant, but do no damage.
The stone giant is lightly wounded.
You block the stone giant's attack.
You puncture the stone giant!
You claw the stone giant, but do no damage.
The stone giant is moderately wounded.
You block the stone giant's attack.
You thump the stone giant! You claw the stone giant.
The stone giant is moderately wounded.
You sock the stone giant! You claw the stone giant.
The stone giant is heavily wounded.
The stone giant closely misses you.
You hit the stone giant.
You claw the stone giant, but do no damage.
The stone giant is heavily wounded.
The stone giant hits you!!
You die...

▓.▓.▓.▓.▓.▓.▓
▓.▓.▓.▓.▓∩▓.▓G▓
▓'▓.▓.▓.▓)▓.▓T▓
▓.▓.▓)▓.▓∩▓.▓H▓
▓.▓.▓.▓.▓.▓.▓a▓
▓.▓.▓.▓.▓∩▓.▓l▓
▓.▓.▓.▓.▓.▓.▓H▓
▓.▓.▓.▓§▓∩▓.▓C▓
▓)▓.▓.▓.▓.▓.▓@▓
▓|▓.▓.▓.▓.▓.▓)▓
▓.▓.▓.▓[▓.▓.▓.▓
▓.▓.▓÷▓.▓.▓.▓'▓
▓'▓.▓'▓.▓)▓.▓.▓
▓_▓.▓.▓.▓)▓.▓.▓
▓_▓.▓.▓.▓.▓.▓=▓
▓_▓.▓.▓.▓.▓.▓.▓
▓_▓.▓.▓.▓.▓.▓.▓


You could see a stone giant, a great orb of eyes, a manticore, a deep troll
earth mage, a hippogriff, an iguana and a worker ant.

Vanquished Creatures
  A stone giant (D)
  2 hydras (D)
  Erica (D)
  7 death yaks (D)
  5 two-headed ogres (D)
  A catoblepas (D)
  An ogre mage (D)
  An unseen horror (D)
  An orc knight (D)
  An orc sorcerer (D)
  A gargoyle (D)
  3 cane toads (D)
  A komodo dragon (D)
  A troll (D)
  4 hippogriffs (D)
  2 blink frogs (D)
  2 wraiths (D)
  2 yaks (D)
  A basilisk (D)
  Grum (D)
  2 crocodiles (D)
  A porcupine (D)
  2 water moccasins (D)
  An ice beast (D)
  15 orc warriors (D)
  6 ogres (D)
  3 wolves (D)
  A bullfrog (D)
  A wight (D)
  A crimson imp (D)
  2 orc priests (D)
  A hound (D)
  4 orc wizards (D)
  An iguana (D)
  A gnoll (D)
  3 orcs (D)
  A bat (D)
  A bat zombie (D)
  A goblin (D)
  4 jackals (D)
  A ball python skeleton (D)
  A ball python zombie (D)
  A leopard gecko zombie (D)
  A rat (D)
95 creatures vanquished.

Vanquished Creatures (collateral kills)
  An ogre mage (D)
1 creature vanquished.

Vanquished Creatures (others)
  A spatial maelstrom (D)
1 creature vanquished.

Grand Total: 97 creatures vanquished

Notes
Turn   | Place    | Note
-------+----------+-------------------------------------------
     0 | D        | Freyura the Demonspawn Gladiator began the quest for the
                  | Orb.
     0 | D        | Reached XP level 1. HP: 16/16 MP: 1/1
     8 | D        | Reached skill level 3 in Maces & Flails
    13 | D        | Banished a spatial maelstrom
    19 | D        | Reached skill level 1 in Armour
   104 | D        | Noticed a hound
   109 | D        | Gained mutation: You are partially covered in large bone
                  | plates. (SH +4) [demonic ancestry]
   109 | D        | Reached XP level 2. HP: 17/23 MP: 2/2
   113 | D        | Reached skill level 4 in Maces & Flails
   118 | D        | Reached XP level 3. HP: 9/29 MP: 3/3
   124 | D        | Upgraded the game from bcrawl-1.20 to bcrawl-1.20.1
   350 | D        | Found a roughly hewn altar of Beogh.
   350 | D        | Found a snail-covered altar of Cheibriados.
   350 | D        | Found a shadowy altar of Dithmenos.
   350 | D        | Found a white marble altar of Elyvilon.
   350 | D        | Found a blossoming altar of Fedhas.
   350 | D        | Found an opulent altar of Gozag.
   351 | D        | Found a hazy altar of Hepliaklqana.
   352 | D        | Found a viscous altar of Jiyva.
   353 | D        | Found an ancient bone altar of Kikubaaqudgha.
   354 | D        | Found a corrupted altar of Lugonu.
   355 | D        | Found a burning altar of Makhleb.
   356 | D        | Found a sparkling altar of Nemelex Xobeh.
   357 | D        | Found an iron altar of Okawaru.
   358 | D        | Found a stormy altar of Qazlal.
   359 | D        | Found a sacrificial altar of Ru.
   360 | D        | Found a shimmering blue altar of Sif Muna.
   361 | D        | Found a bloodstained altar of Trog.
   362 | D        | Became a worshipper of Lugonu the Unformed
   363 | D        | Found a hide-covered altar of Uskayaw.
   364 | D        | Found a radiant altar of Vehumet.
   365 | D        | Found an ornate altar of the Wu Jian Council.
   366 | D        | Found a shimmering altar of Xom.
   367 | D        | Found a basalt altar of Yredelemnul.
   368 | D        | Found a glowing silver altar of Zin.
   369 | D        | Found a glowing golden altar of the Shining One.
   424 | D        | Noticed a wraith
   424 | D        | Noticed a wraith
   433 | D        | Killed a wraith
   433 | D        | Reached skill level 5 in Fighting
   433 | D        | Reached skill level 6 in Maces & Flails
   433 | D        | Reached skill level 5 in Dodging
   433 | D        | Reached XP level 4. HP: 39/39 MP: 3/7
   433 | D        | Gained mutation: You have sharp toenails. [demonic
                  | ancestry]
   433 | D        | Reached XP level 5. HP: 44/44 MP: 3/8
   434 | D        | Reached ** piety under Lugonu
   434 | D        | Reached skill level 7 in Maces & Flails
   441 | D        | Killed a wraith
   441 | D        | Reached skill level 8 in Maces & Flails
   441 | D        | Reached skill level 5 in Armour
   441 | D        | Gained mutation: You have razor-sharp toenails. [demonic
                  | ancestry]
   441 | D        | Reached XP level 6. HP: 52/52 MP: 3/10
   451 | D        | Reached *** piety under Lugonu
   491 | D        | Noticed an ice beast
   491 | D        | Noticed a hippogriff
   491 | D        | Noticed a gargoyle
   491 | D        | Noticed an orc warrior
   499 | D        | Killed an orc warrior
   509 | D        | Killed a gargoyle
   509 | D        | Reached skill level 9 in Maces & Flails
   509 | D        | Reached XP level 7. HP: 46/60 MP: 10/12
   521 | D        | Killed an unseen horror
   521 | D        | Reached skill level 10 in Maces & Flails
   521 | D        | Gained mutation: A weak demonic guardian rushes to your
                  | aid. [demonic ancestry]
   521 | D        | Reached XP level 8. HP: 31/68 MP: 11/14
   532 | D        | Killed a hippogriff
   532 | D        | Reached **** piety under Lugonu
   540 | D        | Received a gift from Lugonu
   700 | D        | Noticed a cane toad
   700 | D        | Noticed a komodo dragon
   700 | D        | Noticed a hippogriff
   700 | D        | Noticed a cane toad
   700 | D        | Noticed a blink frog
   702 | D        | Noticed a seven-headed hydra
   708 | D        | Killed a cane toad
   708 | D        | Reached skill level 11 in Maces & Flails
   718 | D        | Killed a blink frog
   718 | D        | Reached skill level 10 in Invocations
   718 | D        | Gained mutation: You have claws for feet. [demonic
                  | ancestry]
   718 | D        | Reached XP level 9. HP: 76/76 MP: 16/16
   719 | D        | Received a gift from Lugonu
   720 | D        | Found the +0 pair of fencer's gloves {Riposte Dex+6}
   728 | D        | Killed a komodo dragon
   731 | D        | Killed a seven-headed hydra
   731 | D        | Reached skill level 12 in Maces & Flails
   734 | D        | Killed a cane toad
   734 | D        | Reached ***** piety under Lugonu
   734 | D        | Reached skill level 10 in Fighting
   956 | D        | Reached XP level 10. HP: 77/85 MP: 18/18
   956 | D        | Noticed a cane toad
   975 | D        | Reached skill level 13 in Maces & Flails
   984 | D        | Killed a cane toad
   984 | D        | Received a gift from Lugonu
  1099 | D        | Noticed a death yak
  1099 | D        | Noticed a catoblepas
  1099 | D        | Noticed a death yak
  1099 | D        | Noticed a death yak
  1099 | D        | Noticed a death yak
  1099 | D        | Noticed a death yak
  1100 | D        | Noticed a death yak
  1111 | D        | Killed a death yak
  1111 | D        | Received a gift from Lugonu
  1111 | D        | Reached skill level 10 in Dodging
  1112 | D        | Got a shimmering shield {god gift}
  1116 | D        | Noticed a death yak
  1118 | D        | Identified the +2 shield "Kiwigowk" {MR+ MP+9 Str+3 Int-4}
                  | (Lugonu gifted it to you in the Dungeon)
  1128 | D        | Killed a death yak
  1135 | D        | Killed a death yak
  1135 | D        | Reached skill level 14 in Maces & Flails
  1135 | D        | Reached skill level 10 in Armour
  1177 | D        | Killed a death yak
  1203 | D        | Killed a catoblepas
  1203 | D        | Reached XP level 11. HP: 15/93 MP: 21/21
  1212 | D        | Killed a death yak
  1217 | D        | Killed a death yak
  1228 | D        | Killed a death yak
  1538 | D        | Noticed Erica
  1551 | D        | Killed Erica
  1551 | D        | Reached skill level 15 in Maces & Flails
  1642 | D        | Received a gift from Lugonu
  1666 | D        | Reached skill level 1 in Shields
  1765 | D        | Noticed an orc knight
  1771 | D        | Noticed an orc sorcerer
  1793 | D        | Killed an orc knight
  1793 | D        | Reached ****** piety under Lugonu
  1799 | D        | Received a gift from Lugonu
  1809 | D        | Paralysed by an orc sorcerer for 4 turns
  1818 | D        | Killed an orc sorcerer
  1983 | D        | Found Deaxoq's Food Boutique.
  1983 | D        | Noticed a two-headed ogre
  1983 | D        | Noticed a two-headed ogre
  1983 | D        | Noticed a two-headed ogre
  1988 | D        | Killed a two-headed ogre
  1991 | D        | Noticed a two-headed ogre
  1993 | D        | Killed a two-headed ogre
  1993 | D        | Noticed a two-headed ogre
  1999 | D        | Killed a two-headed ogre
  1999 | D        | Reached skill level 15 in Invocations
  2010 | D        | Killed a two-headed ogre
  2010 | D        | Reached XP level 12. HP: 103/103 MP: 23/23
  2017 | D        | Killed a two-headed ogre
  2017 | D        | Received a gift from Lugonu
  2017 | D        | Reached skill level 16 in Maces & Flails
  2020 | D        | Found Rebuyr's Assorted Antiques.
  2024 | D        | Found Bazxurex's Distillery.
  2028 | D        | Found Ycepes's Weapon Shop.
  2031 | D        | Noticed an ogre mage
  2033 | D        | Noticed an ogre mage
  2040 | D        | Killed an ogre mage
  2047 | D        | Paralysed by an ogre mage for 2 turns
  2049 | D        | Killed an ogre mage
  2190 | D        | Noticed Grum
  2196 | D        | Killed Grum
  2325 | D        | Noticed an eight-headed hydra
  2329 | D        | Noticed a stone giant
  2331 | D        | Killed an eight-headed hydra
  2339 | D        | Noticed a stone giant
  2340 | D        | Received a gift from Lugonu
  2343 | D        | Noticed a deep troll earth mage
  2360 | D        | Killed a stone giant
  2363 | D        | Noticed a great orb of eyes
  2376 | D        | Mangled by a stone giant

Skill      XL: |  1  2  3  4  5  6  7  8  9 10 11 12 |
---------------+-------------------------------------+-----
Maces & Flails | 3 4 6 8 9 10 11 12 14 15 16 | 16.6
Armour         | 1 2 4 5 6 7 9 10 11 12 | 12.1
Dodging        | 3 5 6 7 8 9 10 12 | 12.5
Fighting       | 3 5 6 7 8 9 10 11 12 13 | 13.4
Invocations    | 4 6 7 8 10 11 13 15 | 15.9
Shields        | 4 |  4.8
Throwing       | |  1.7

Action                   |  1- 3 |  4- 6 |  7- 9 | 10-12 || total
-------------------------+-------+-------+-------+-------++-------
Melee: Flail             |    38 |       |       |       ||    38
       Morningstar       |     9 |    30 |    72 |   319 ||   430
       Kick              |       |    13 |    36 |   221 ||   270
  Use: Potion            |     2 |       |     3 |     7 ||    12
       Scroll            |       |       |       |     1 ||     1
 Stab: Petrified         |       |       |       |     9 ||     9
       Petrifying        |       |       |       |     1 ||     1
  Eat: Chunk             |       |       |       |     2 ||     2
       Ration            |       |       |       |     1 ||     1
Armor: Leather armour    |    10 |       |       |       ||    10
       Ring mail         |     1 |     3 |    29 |    40 ||    73
       Chain mail        |       |       |       |     4 ||     4
       Swamp dragon scal |       |       |       |     7 ||     7
Dodge: Dodged            |    32 |    17 |    59 |   121 ||   229
Block: Other             |     6 |     1 |     7 |     6 ||    20
       Shield            |       |       |       |    73 ||    73
       Buckler           |       |       |       |    13 ||    13
       Large shield      |       |       |       |    26 ||    26
       Rpst.: Morningstar |       |       |       |    20 ||    20
